 Dungeon Crawl Stone Soup version 0.31-a0-38-g1548c4f2a5 (webtiles) character file.

Game seed: 14124964363839541519

555 frimble the Slasher (level 7, -3/56 HPs)
             Began as a Gnoll Reaver on May 16, 2023.
             Slain by an ogre
             ... wielding a +0 giant spiked club
              (33 damage)
             ... on level 5 of the Dungeon.
             The game lasted 00:05:24 (5216 turns).

frimble the Slasher (Gnoll Reaver)                  Turns: 5216, Time: 00:05:25

Health: -3/56      AC:  7    Str: 11    XL:     7   Next: 30%
Magic:  8/15       EV: 13    Int: 14    God:
Gold:   291        SH:  0    Dex: 11    Spells: 13/17 levels left

rFire   + . .        q - +0 long sword
rCold   . . .        (no shield)
rNeg    . . .        a - +1 leather armour {rF+}
rPois   .            e - +2 helmet {SInv}
rElec   .            (no cloak)
rCorr   .            (no gloves)
SInv    +            (no boots)
Will    .....        (no amulet)
Stlth   ++           (no ring)
HPRegen 0.29/turn    (no ring)
MPRegen 0.14/turn

%: no passive effects
@: lethally poisoned (-3 -> -6)
A: fangs 1, strong nose, distributed training
a: no special abilities


You were on level 5 of the Dungeon.
You visited 1 branch of the dungeon, and saw 5 of its levels.

You collected 291 gold pieces.

Inventory:

Hand Weapons
 q - a +0 long sword (weapon)
Armour
 a - a +1 leather armour of fire resistance (worn)
 e - a +2 helmet of see invisible (worn)
Jewellery
 j - a ring of fire
Wands
 k - a wand of flame (8)
Scrolls
 f - 2 scrolls of poison
 l - a scroll of enchant weapon
 r - 2 scrolls of identify
 s - 2 scrolls of teleportation
Potions
 b - a potion of degeneration {unknown}
 c - a potion of curing
 d - 5 potions of lignification {unknown}
 g - a potion of attraction {unknown}
 h - 2 potions of might {unknown}
 i - 2 potions of berserk rage {unknown}
 m - 3 potions of heal wounds {unknown}
 n - a potion of flight {unknown}
 p - a potion of ambrosia {unknown}


   Skills:
 + Level 5.2 Fighting
 + Level 2.5 Short Blades
 + Level 7.0 Long Blades
 + Level 2.5 Axes
 + Level 2.5 Maces & Flails
 + Level 2.5 Polearms
 + Level 2.5 Staves
 + Level 2.5 Ranged Weapons
 + Level 2.5 Throwing
 + Level 2.5 Armour
 + Level 5.2 Dodging
 + Level 2.5 Stealth
 + Level 2.5 Shields
 + Level 2.5 Unarmed Combat
 + Level 5.6 Spellcasting
 + Level 5.8 Conjurations
 + Level 2.0 Hexes
 + Level 2.0 Summonings
 + Level 2.0 Necromancy
 + Level 2.0 Translocations
 + Level 2.0 Transmutations
 + Level 2.0 Fire Magic
 + Level 2.0 Ice Magic
 + Level 2.0 Air Magic
 + Level 2.0 Earth Magic
 + Level 2.0 Poison Magic
 + Level 2.8 Invocations
 + Level 2.5 Evocations


You had 13 spell levels left.
You knew the following spells:

 Your Spells              Type           Power      Damage    Failure   Level
a - Kiss of Death         Conj/Necr      60%        2d10      4%          1
b - Hailstorm             Conj/Ice       15%        3d5       13%         3

Your spell library contained the following spells:

 Spells                   Type           Power      Damage    Failure   Level
 Magic Dart               Conj           80%        1d7       1%          1
 Momentum Strike          Conj/Tloc      30%        3d8       6%          2
 Dazzling Flash           Conj/Hex       30%        N/A       13%         3
 Call Imp                 Summ           18%        N/A       14%         2
 Poisonous Vapours        Pois/Air       18%        N/A       14%         2
 Mephitic Cloud           Conj/Pois/Air  13%        N/A       16%         3
 Freezing Cloud           Conj/Ice/Air   6%         6-21      83%         5
 Agony                    Necr           9%         N/A       95%         5
 Silence                  Hex/Air        4%         N/A       95%         5


Dungeon Overview and Level Annotations

Branches:
Dungeon (5/15)
 Temple: D:4-7

Altars:
Hepliaklqana
Makhleb
Xom

Shops:
D:1 =*   D:4 (


Innate Abilities, Weirdness & Mutations

You have very sharp teeth.
Your uncanny sense of smell can sniff out nearby items.
Your experience applies equally to all skills.


Message History

The scorpion is moderately wounded.
You feel sick.
The scorpion stings you but does no damage. x2
You barely miss the scorpion.
The scorpion is moderately wounded.
You feel sick. The scorpion stings you.
You are more poisoned.
The scorpion poisons you!
You hit the scorpion.
The scorpion is heavily wounded.
You feel very sick.
The scorpion stings you but does no damage.
You hit the scorpion.
The scorpion is severely wounded.
You feel very sick. The scorpion closely misses you.
The goblin hits you but does no damage.
An ogre comes into view. It is wielding a +0 giant spiked club.
The scorpion stings you but does no damage.
You hit the scorpion.
You kill the scorpion!
You feel sick. The goblin misses you.
You feel sick. The goblin closely misses you.
Casting: Hailstorm (dangerous; 13% risk of failure)
Confirm with . or Enter, or press ? or * to list all spells.
Casting: Hailstorm (dangerous; 13% risk of failure)
Press: ? - help, Dir - look around, f - activate A cannonade of hail descends around you!
The hail pelts the ogre!
The ogre is moderately wounded.
You feel sick. The goblin misses you.
Okay, then.
Okay, then.
Unknown command.
Okay, then.
The ogre attacks as you move away! The ogre barely misses you.
You feel sick. The goblin hits you but does no damage.
The ogre attacks as you move away!
The ogre hits you with a +0 giant spiked club!!
Ouch! That really hurt!
You die...

########################
#.......#..............#
#.......)).......g).(.(#
#########.......@O)....#
.#..........########.....
.'..........# ...
.#..........######## .
#########...........
#.....))'........... ∆
#.....))#........... ∆∆∆#≈≈≈≈≈
########################∆∆∆#≈≈≈≈≈
.≈≈≈≈≈≈≈≈≈≈≈≈≈≈≈≈≈≈≈≈≈≈#####≈≈≈≈≈


You could see an ogre and a goblin.

Vanquished Creatures
  4 scorpions
  An orc priest (D:5)
  An iguana (D:4)
  5 gnolls (D:5)
  7 adders
  4 worms
  4 dart slugs
  8 orcs
  2 endoplasms
  4 giant cockroaches
  23 goblins
  11 hobgoblins
  20 jackals
  7 kobolds
  3 quokkas
  8 ball pythons
  4 bats
  4 frilled lizards
  5 rats
125 creatures vanquished.

Notes
Turn   | Place    | Note
-------+----------+-------------------------------------------
     0 | D:1      | frimble the Gnoll Reaver began the quest for the Orb.
     0 | D:1      | Reached XP level 1. HP: 20/20 MP: 6/6
    96 | D:1      | Reached XP level 2. HP: 26/26 MP: 7/7
   203 | D:1      | Found a faded altar of an unknown god.
   323 | D:1      | Found Ofussakh's General Store.
   328 | D:1      | Reached skill level 5 in Spellcasting
   328 | D:1      | Reached XP level 3. HP: 31/31 MP: 7/9
   492 | D:1      | Reached skill level 1 in Invocations
   634 | D:1      | Found Lucurph's Jewellery Shoppe.
  1013 | D:2      | Reached skill level 1 in Short Blades
  1013 | D:2      | Reached skill level 1 in Axes
  1013 | D:2      | Reached skill level 1 in Maces & Flails
  1013 | D:2      | Reached skill level 1 in Polearms
  1013 | D:2      | Reached skill level 1 in Staves
  1013 | D:2      | Reached skill level 1 in Ranged Weapons
  1013 | D:2      | Reached skill level 1 in Throwing
  1013 | D:2      | Reached skill level 1 in Armour
  1013 | D:2      | Reached skill level 1 in Stealth
  1013 | D:2      | Reached skill level 1 in Shields
  1013 | D:2      | Reached skill level 1 in Unarmed Combat
  1013 | D:2      | Reached skill level 1 in Evocations
  1238 | D:2      | Reached XP level 4. HP: 37/38 MP: 11/11
  1486 | D:2      | Reached skill level 1 in Hexes
  1486 | D:2      | Reached skill level 1 in Summonings
  1486 | D:2      | Reached skill level 1 in Necromancy
  1486 | D:2      | Reached skill level 1 in Translocations
  1486 | D:2      | Reached skill level 1 in Transmutations
  1486 | D:2      | Reached skill level 1 in Fire Magic
  1486 | D:2      | Reached skill level 1 in Ice Magic
  1486 | D:2      | Reached skill level 1 in Air Magic
  1486 | D:2      | Reached skill level 1 in Earth Magic
  1486 | D:2      | Reached skill level 1 in Poison Magic
  2631 | D:3      | Reached XP level 5. HP: 40/43 MP: 12/12
  2874 | D:4      | Found Xyutz's Weapon Boutique.
  3534 | D:4      | Reached skill level 5 in Fighting
  3534 | D:4      | Reached skill level 5 in Dodging
  3534 | D:4      | Reached XP level 6. HP: 23/49 MP: 12/14
  3909 | D:5      | Entered Level 5 of the Dungeon
  4263 | D:5      | Found a shimmering altar of Xom.
  4264 | D:5      | Found a hazy altar of Hepliaklqana.
  4265 | D:5      | Noticed a spectral ugly thing
  4725 | D:5      | Reached XP level 7. HP: 56/56 MP: 15/15
  4730 | D:5      | Reached skill level 7 in Long Blades
  4741 | D:5      | Learned a level 3 spell: Hailstorm
  5003 | D:5      | Found a burning altar of Makhleb.
  5216 | D:5      | Slain by an ogre

Illustrated notes

Levels and vault maps discovered:
D:1:      dpeg_arrival_boxes_within_box, layout_loops_ring,
          chequers_ecumenical_altar_island, serial_shops, nicolae_shop_stone,
          nicolae_shop_behind_doors
D:2:      minmay_wonky_spiral, layout_loops_cross, minivault_19,
          kennysheep_cross_bottleneck
D:3:      layout_basic, grunt_ministairs_10, chequers_mini_garden, minivault_23
D:4:      layout_basic, serial_shops, shop
D:5:      minmay_goblin_kobold_castle, layout_cave_pods,
          regret_index_temple_of_mockery, lightli_temple_of_fire

Skill      XL: |  1  2  3  4  5  6  7 |
---------------+----------------------+-----
Spellcasting   | 5 |  5.6
Invocations    | 1 2 |  2.8
Short Blades   | 1 2 |  2.5
Axes           | 1 2 |  2.5
Maces & Flails | 1 2 |  2.5
Polearms       | 1 2 |  2.5
Staves         | 1 2 |  2.5
Ranged Weapons | 1 2 |  2.5
Throwing       | 1 2 |  2.5
Armour         | 1 2 |  2.5
Stealth        | 1 2 |  2.5
Shields        | 1 2 |  2.5
Unarmed Combat | 1 2 |  2.5
Evocations     | 1 2 |  2.5
Hexes          | 1 2 |  2.0
Summonings     | 1 2 |  2.0
Necromancy     | 1 2 |  2.0
Translocations | 1 2 |  2.0
Transmutations | 1 2 |  2.0
Fire Magic     | 1 2 |  2.0
Ice Magic      | 1 2 |  2.0
Air Magic      | 1 2 |  2.0
Earth Magic    | 1 2 |  2.0
Poison Magic   | 1 2 |  2.0
Fighting       | 5 |  5.2
Dodging        | 5 |  5.2
Long Blades    | 7 |  7.0
Conjurations   | |  5.8

Action                     |  1- 3 |  4- 6 |  7- 9 || total
---------------------------+-------+-------+-------++-------
  Melee: Falchion          |   130 |   147 |       ||   277
         Bite              |     8 |    18 |     4 ||    30
         Punch             |       |     1 |     3 ||     4
         Long sword        |       |    86 |    60 ||   146
   Cast: Kiss of Death     |       |     1 |       ||     1
         Hailstorm         |       |       |     6 ||     6
    Use: Scroll            |     5 |     5 |     1 ||    11
         Potion            |       |       |     1 ||     1
 Armour: Leather armour    |    43 |    80 |    35 ||   158
  Dodge: Dodged            |    85 |   148 |    67 ||   300

Table legend: (Time is in decaauts)
 A = Elapsed time spent in this place.
 B = Non-inter-level travel time spent in this place.
 C = Inter-level travel time spent in this place.
 D = Time resting spent in this place.
 E = Time spent auto-exploring this place.
 F = Levels seen in this place.
 G = Mean time per level.
                   A        B        C        D        E       F      G
               +--------+--------+--------+--------+--------+-----+--------+
         Total |   5216 |   5071 |    145 |     94 |   4038 |   5 | 1043.2 |
       Dungeon |   5216 |   5071 |    145 |     94 |   4038 |   5 | 1043.2 |
               +--------+--------+--------+--------+--------+-----+--------+

Top non-repeatable levels by time:
     D:5: 1313 daAuts
     D:4: 1214 daAuts
     D:2: 1009 daAuts
     D:3: 841 daAuts
     D:1: 838 daAuts
